 Seeded DCSS version 0.30.1-9-gdf580d7c3d (webtiles) character file.

Game seed: 2394977854812512649 (custom seed)

4709 Psyclone the Eclecticist (level 10, 72/72 HPs)
             Began as a Deep Elf Conjurer on Oct 13, 2023.
             Was an Initiate of Gozag.
             Quit the game in the Ecumenical Temple.
             The game lasted 00:23:13 (11756 turns).

Psyclone the Eclecticist (Deep Elf Conjurer)       Turns: 11756, Time: 00:23:14

Health: 72/72      AC: 11    Str:  2    XL:     10   Next: 22%
Magic:  31/31      EV: 15    Int: 42    God:    Gozag
Gold:   394        SH:  0    Dex: 11    Spells: 23/40 levels left

rFire   . . .        c - +2 dagger (elec)
rCold   . . .        (no shield)
rNeg    . . .        a - +0 robe
rPois   .            F - +0 helmet
rElec   .            M - +0 cloak
rCorr   .            L - +2 pair of gloves
SInv    .            (no boots)
Will    +....        A - amulet of magic regeneration
Stlth   ++           G - +6 ring of intelligence
HPRegen 0.32/turn    v - +4 ring of protection
MPRegen 0.62/turn

%: no passive effects
@: studying Earth Magic
A: clever 2, robust 2, wild magic 1, no potion heal 1, noise suppression
a: Renounce Religion, Potion Petition, Call Merchant, Bribe Branch


You were in the Ecumenical Temple.
You worshipped Gozag.
Gozag was aware of your devotion.
You visited 2 branches of the dungeon, and saw 11 of its levels.

You collected 4672 gold pieces.
You spent 1760 gold pieces at shops.
You paid 2518 gold pieces to Gozag.

Inventory:

Hand Weapons
 c - a +2 dagger of electrocution (weapon)
Armour
 a - a +0 robe (worn)
 F - a +0 helmet (worn)
 L - a +2 pair of gloves (worn)
 M - a +0 cloak (worn)
Jewellery
 i - a ring of poison resistance
 v - a +4 ring of protection (right hand)
 A - an amulet of magic regeneration (around neck)
 G - a +6 ring of intelligence (left hand)
 H - a ring of protection from cold
 K - a ring of willpower
Wands
 y - a wand of flame (7)
 C - a wand of paralysis (17)
 I - a wand of mindburst (6)
 J - a wand of digging (4)
Scrolls
 d - 9 scrolls of identify {unknown}
 j - 2 scrolls of blinking {unknown}
 k - 12 scrolls of teleportation {unknown}
 n - a scroll of butterflies {unknown}
 o - 3 scrolls of immolation {unknown}
 p - 2 scrolls of magic mapping {unknown}
 r - 3 scrolls of torment {unknown}
 w - a scroll of enchant weapon {unknown}
 z - a scroll of enchant armour {unknown}
 D - a scroll of noise {unknown}
Potions
 b - a potion of magic
 e - a potion of lignification {unknown}
 f - a potion of brilliance {unknown}
 g - 3 potions of might {unknown}
 h - 3 potions of heal wounds {unknown}
 l - 3 potions of berserk rage {unknown}
 m - 2 potions of attraction {unknown}
 q - a potion of resistance {unknown}
 s - 5 potions of curing {unknown}
 t - a potion of ambrosia {unknown}
 u - 3 potions of degeneration {unknown}
 x - a potion of cancellation {unknown}
 B - a potion of haste {unknown}
 E - a potion of flight {unknown}


   Skills:
 + Level 5.8 Fighting
 + Level 8.9 Dodging
 - Level 2.4 Stealth
 - Level 15.6 Spellcasting
 - Level 9.0 Conjurations


You had 23 spell levels left.
You knew the following spells:

 Your Spells              Type           Power      Damage    Failure   Level
a - Magic Dart            Conj           100%       1d8       1%          1
b - Searing Ray           Conj           100%       2d8       1%          2
c - Iron Shot             Conj/Erth      37%        9d7       28%         6
d - Fulminant Prism       Conj/Hex       37%        3d17      2%          4
e - Iskenderun's Mystic   Conj/Tloc      75%        2d15      2%          4

Your spell library contained the following spells:

 Spells                   Type           Power      Damage    Failure   Level
 Dazzling Flash           Conj/Hex       100%       N/A       1%          3
 Mephitic Cloud           Conj/Pois/Air  66%        N/A       1%          3
 Iskenderun's Battlesphe  Conj           96%        2d14      1%          5
 Ensorcelled Hibernation  Hex/Ice        84%        N/A       2%          2
 Poisonous Vapours        Pois/Air       84%        N/A       2%          2
 Frozen Ramparts          Ice            84%        1d13      4%          3
 Portal Projectile        Hex/Tloc       84%        N/A       4%          3
 Spider Form              Tmut/Pois      42%        N/A       4%          3
 Tukima's Dance           Hex            42%        N/A       4%          3
 Freezing Cloud           Conj/Ice/Air   33%        6-21      11%         5
 Anguish                  Hex/Necr       21%        N/A       13%         4
 Ice Form                 Ice/Tmut       42%        N/A       13%         4
 Summon Ice Beast         Ice/Summ       42%        N/A       13%         4
 Blade Hands              Tmut           21%        N/A       32%         5
 Spellforged Servitor     Conj/Summ      37%        N/A       82%         7


Dungeon Overview and Level Annotations

Branches:
Dungeon (10/15) Zot: 26854  Temple (1/1) D:5 Zot: 5345    Lair (0/5) D:9
    Orc (0/2) D:9

Altars:
Cheibriados
Dithmenos
Elyvilon
Gozag
Hepliaklqana
Makhleb
Nemelex Xobeh
Okawaru
Qazlal
Ru
Sif Muna
Trog
Xom
Yredelemnul
Zin

Shops:
D:2 !   Temple :::

Annotations:
D:6 2 transporters


Innate Abilities, Weirdness & Mutations

Your mind is very acute. (Int +8, Str/Dex -2)
You are very robust. (+20% HP)
Your spells are a little harder to cast, but a little more powerful.
Potions are less effective at restoring your health.
You passively dampen the noise of your surroundings.


Message History

k - 12 scrolls labelled UCAIWU KIGATZ (gained 1)
You pick up a book of Power and begin reading...
You add the spells Iskenderun's Battlesphere, Iron Shot and Spellforged Servitor to your library.
(D) Dungeon (T) Temple (L) Lair (O) Orcish Mines
Where to? (Enter - D:10, ? - help)
There is a stone staircase leading up here.
You climb upwards.
There is a stone staircase leading down here.
There is an open door here.
There is a stone staircase leading up here.
You climb upwards.
There is a stone staircase leading down here.
There is a stone staircase leading up here.
You climb upwards.
There is a stone staircase leading down here.
There is a stone staircase leading up here.
You climb upwards.
Level annotation: 2 transporters
There is a stone staircase leading down here.
There is an open door here.
There is an open door here.
There is a stone staircase leading up here.
You climb upwards.
There is a stone staircase leading down here.
There is an open door here.
There is a staircase to the Ecumenical Temple here.
You climb downwards.
Welcome back to the Ecumenical Temple!
There is a staircase back to the Dungeon here.
There is an entrance to Ujeir's Book Shop here.
There is an entrance to Koxuj's Book Shop here.
There is an entrance to Ujeir's Book Shop here.
You no longer have enough gold to petition Gozag for potion effects.
You pick up a manual of Earth Magic and begin studying.
Thank you for shopping at Ujeir's Book Shop!
There is an entrance to Koxuj's Book Shop here.
This spell is quite dangerous to cast!
Memorise Iron Shot, consuming 6 spell levels and leaving 23?
You start memorising the spell.
You continue memorising. x6
You finish memorising.
Spell assigned to 'c'.
Are you sure you want to abandon this character and quit the game? (Confirm with "yes".)

_. #.# ._ #### ..#
#.# #.. #_.####.#
#.# #.# #
#.#..###.##.##.#
#..
#####..##.#.#.##..#
###.........#
###.....##
####..∩∩@..####
........<........
.####.......####.
##.....## ...#.#...
.##.#.#.##. #
.##.##. # .# #.# #.
.# #.# #.


There were no monsters in sight!

Vanquished Creatures
  A death knight (D:9)
  A hornet (D:9)
  Sigmund (D:2)
  A wyvern (D:9)
  A water moccasin (D:7)
  6 orc warriors
  An ice beast (D:4)
  A sky beast (D:7)
  A black bear (D:5)
  3 centaurs
  An ogre (D:5)
  2 phantoms
  8 bullfrogs
  2 scorpions
  5 wights (D:9)
  5 howler monkeys
  6 hounds
  2 jellies
  5 orc priests
  3 sleepcaps
  Crazy Yiuf (D:5)
  2 iguanas
  13 orc wizards
  3 gnolls (D:5)
  3 adders
  An ufetubus (D:6)
  3 worms (D:2)
  4 dart slugs
  64 orcs
  8 ball pythons
  6 endoplasms
  3 giant cockroaches
  14 goblins
  7 hobgoblins
  4 jackals (D:5)
  3 quokkas
  6 bats
  4 frilled lizards
  5 kobolds
  7 rats
217 creatures vanquished.

Vanquished Creatures (others)
  23 fulminant prisms
23 creatures vanquished.

Grand Total: 240 creatures vanquished

Notes
Turn   | Place    | Note
-------+----------+-------------------------------------------
     0 | D:1      | Psyclone the Deep Elf Conjurer began the quest for the Orb.
     0 | D:1      | Reached XP level 1. HP: 10/10 MP: 6/6
    21 | D:1      | Identified a scroll of acquirement
    21 | D:1      | Acquired 1272 gold pieces
   102 | D:1      | Reached XP level 2. HP: 15/15 MP: 5/8
   105 | D:1      | Learned a level 2 spell: Searing Ray
   173 | D:2      | Reached skill level 5 in Conjurations
   174 | D:2      | Found Utwiat's Distillery.
   254 | D:3      | Gained mutation: You are robust. (+10% HP) [potion of
                  | mutation]
   254 | D:3      | Gained mutation: You are very robust. (+20% HP) [potion of
                  | mutation]
   254 | D:3      | Gained mutation: You are agile. (Dex +4, Str/Int -1)
                  | [potion of mutation]
   254 | D:3      | Gained mutation: You have hidden genetic potential. [potion
                  | of mutation]
   263 | D:3      | Lost mutation: You are very robust. (+20% HP) [potion of
                  | mutation]
   263 | D:3      | Lost mutation: You are agile. (Dex +4, Str/Int -1) [potion
                  | of mutation]
   263 | D:3      | Gained mutation: Potions are less effective at restoring
                  | your health. [potion of mutation]
   263 | D:3      | Gained mutation: You have great hidden genetic potential.
                  | [potion of mutation]
   263 | D:3      | Gained mutation: You are very robust. (+20% HP) [potion of
                  | mutation]
   324 | D:3      | Acquired 1296 gold pieces
   350 | D:4      | Noticed an ice beast
   355 | D:5      | Entered Level 5 of the Dungeon
   364 | D:5      | Found a staircase to the Ecumenical Temple.
   373 | Temple   | Entered the Ecumenical Temple
   384 | Temple   | Became a worshipper of Gozag Ym Sagoz the Greedy
  1010 | D:5      | Found a glowing silver altar of Zin.
  1085 | D:5      | Reached XP level 3. HP: 22/22 MP: 0/9
  1096 | D:5      | Gained mutation: You passively dampen the noise of your
                  | surroundings. [hidden potential]
  1218 | D:5      | Reached XP level 4. HP: 22/28 MP: 5/10
  1268 | D:5      | Gained mutation: Your mind is acute. (Int +4, Str/Dex -1)
                  | [hidden potential]
  1268 | D:5      | Lost mutation: You have great hidden genetic potential.
                  | [hidden potential expressed]
  1348 | D:5      | Noticed a black bear
  1352 | D:5      | Killed a black bear
  1353 | D:5      | Reached XP level 5. HP: 33/33 MP: 2/11
  1360 | D:5      | Gained mutation: Your spells are a little harder to cast,
                  | but a little more powerful. [hidden potential]
  1538 | D:5      | Noticed a phantom
  1546 | D:5      | Killed a phantom
  1547 | D:5      | Reached XP level 6. HP: 22/38 MP: 4/12
  1632 | D:5      | Gained mutation: Your mind is very acute. (Int +8, Str/Dex
                  | -2) [hidden potential]
  1632 | D:5      | Lost mutation: You have hidden genetic potential. [hidden
                  | potential expressed]
  1861 | D:5      | Found a runed translucent door.
  1862 | D:5      | Noticed Crazy Yiuf
  1867 | D:5      | Killed Crazy Yiuf
  2077 | D:5      | Reached skill level 1 in Fighting
  2077 | D:5      | Reached XP level 7. HP: 21/45 MP: 5/13
  3836 | D:2      | Noticed Sigmund
  3839 | D:2      | Killed Sigmund
  3840 | D:2      | Reached skill level 5 in Dodging
  4205 | D:3      | Found a snail-covered altar of Cheibriados.
  5681 | D:4      | Found a hazy altar of Hepliaklqana.
  5844 | D:4      | Reached XP level 8. HP: 40/55 MP: 0/14
  6262 | Temple   | Bought a manual of Spellcasting for 880 gold pieces
  6332 | D:6      | Found a sacrificial altar of Ru.
  6332 | D:6      | Found an iron altar of Okawaru.
  6360 | D:6      | Reached skill level 4 in Spellcasting
  6468 | D:6      | Found a shimmering blue altar of Sif Muna.
  6469 | D:6      | Found a sparkling altar of Nemelex Xobeh.
  6470 | D:6      | Found a white marble altar of Elyvilon.
  6476 | D:6      | Found a transporter.
  6534 | D:6      | Reached skill level 5 in Spellcasting
  6537 | D:6      | Reached skill level 7 in Spellcasting
  6605 | D:6      | Reached skill level 8 in Spellcasting
  6795 | D:6      | Reached skill level 9 in Spellcasting
  6910 | D:6      | Learned a level 4 spell: Fulminant Prism
  6915 | D:6      | Learned a level 4 spell: Iskenderun's Mystic Blast
  6956 | D:6      | Found a bloodstained altar of Trog.
  7019 | D:6      | Reached skill level 10 in Spellcasting
  7300 | D:6      | Found a transporter.
  7647 | D:7      | Reached skill level 11 in Spellcasting
  7797 | D:7      | Reached skill level 12 in Spellcasting
  7939 | D:7      | Reached skill level 13 in Spellcasting
  7994 | D:7      | Reached XP level 9. HP: 54/61 MP: 24/28
  8934 | D:8      | Reached skill level 14 in Spellcasting
  9028 | D:8      | Found a stormy altar of Qazlal.
  9250 | D:8      | Found a basalt altar of Yredelemnul.
  9429 | D:8      | Reached skill level 15 in Spellcasting
  9718 | D:9      | Found a staircase to the Lair.
  9797 | D:9      | Found a staircase to the Orcish Mines.
 10279 | D:9      | Found a burning altar of Makhleb.
 10282 | D:9      | Noticed a death knight
 10290 | D:9      | Reached skill level 5 in Fighting
 10314 | D:9      | Killed a death knight
 10315 | D:9      | Reached XP level 10. HP: 20/70 MP: 17/31
 11601 | D:10     | Entered Level 10 of the Dungeon
 11748 | Temple   | Bought a manual of Earth Magic for 880 gold pieces
 11756 | Temple   | Learned a level 6 spell: Iron Shot
 11756 | Temple   | Quit the game

Illustrated notes

Levels and vault maps discovered:
D:1:      saegor_arrival_simple_c, layout_rooms
D:2:      layout_basic, serial_shops, shop, uniq_sigmund
D:3:      layout_basic, marbit_many_paths, serial_curves, eino_curves_01,
          eino_curves_03
D:4:      layout_cave_pools, kennysheep_mini_moat, dk_noncrumbling_3
D:5:      layout_gridville, mainiacjoe_overflow_alcove_1,
          minmay_temple_entry_grid, grunt_decor_arrowhead,
          uniq_crazy_yiuf_cottage
D:6:      layout_basic, general_overflow_altar, gammafunk_temple_overflow_arena,
          gammafunk_temple_overflow_wave, kb_lookout_dungeons_type,
          minmay_increasing_density
D:7:      layout_basic
D:8:      layout_basic, old_standard_altar, mainiacjoe_overflow_paths
D:9:      layout_loops_corners, lightli_temple_of_fire, lair_entry_dummy,
          hiddenorc2_lemuel
D:10:     layout_loops_ring, glass_columns_b, dk_noncrumbling_2,
          nicolae_evil_shop
Temple:   hellmonk_temple_flake

Skill      XL: |  1  2  3  4  5  6  7  8  9 |
---------------+----------------------------+-----
Conjurations   | 5 6 7 8 9 |  9.0
Fighting       | 1 3 5 |  5.8
Dodging        | 3 5 8 |  8.9
Spellcasting   | 13 15 | 15.6
Stealth        | |  2.4

Action                     |  1- 3 |  4- 6 |  7- 9 | 10-12 || total
---------------------------+-------+-------+-------+-------++-------
  Melee: Dagger            |       |       |     7 |     5 ||    12
   Cast: Magic Dart        |    20 |    15 |   219 |     6 ||   260
         Searing Ray       |     3 |    13 |    52 |     4 ||    72
         Fulminant Prism   |       |       |    15 |     8 ||    23
         Iskenderun's Myst |       |       |     5 |     2 ||     7
 Invoke: Call Merchant     |     3 |       |       |       ||     3
    Use: Scroll            |     2 |       |       |       ||     2
         Potion            |     2 |       |       |       ||     2
   Stab: Sleeping          |       |       |     1 |       ||     1
 Armour: Robe              |       |       |    23 |     7 ||    30
  Dodge: Dodged            |     1 |     5 |    48 |    11 ||    65
